 Seeded DCSS version 0.27.1-1-g398f81649c (webtiles) character file.

Game seed: 8570300359430318674 (custom seed)

194 a11behringer the Slasher (level 6, -10/45 (47) HPs)
             Began as a Formicid Fighter on Sept 12, 2021.
             Mangled by Crazy Yiuf (14 damage)
             ... on level 2 of the Dungeon.
             The game lasted 00:05:34 (1585 turns).

a11behringer the Slasher (Formicid Fighter)         Turns: 1585, Time: 00:05:35

HP:   -10/45 (47)   AC:  6    Str: 20    XL:     6   Next: 3%
MP:   6/6           EV:  7    Int:  8    God:
Gold: 111           SH:  9    Dex: 12    Spells: 5/5 levels left

rFire    . . .     SeeInvis +   a - +0 long sword
rCold    . . .     Faith    .   c - +0 kite shield
rNeg     . . .     Spirit   .   b - +0 scale mail
rPois    .         Reflect  .   (helmet unavailable)
rElec    .         Harm     .   (no cloak)
rCorr    .         Rampage  .   (no gloves)
Will     .....                  (no boots)
Stlth    ..........             (no amulet)
HPRegen  0.15/turn              (no ring)
MPRegen  0.10/turn              (no ring)

@: lightly drained
A: permanent stasis, dig shafts and tunnels, antennae 3, four strong arms
a: Dig, Shaft Self


You were on level 2 of the Dungeon.
You visited 1 branch of the dungeon, and saw 2 of its levels.

You collected 111 gold pieces.

Inventory:

Hand Weapons
 a - a +0 long sword (weapon)
Armour
 b - a +0 scale mail (worn)
 c - a +0 kite shield (worn)
Scrolls
 e - a scroll of summoning {unknown}
 f - a scroll of teleportation {unknown}
 h - a scroll of noise {unknown}
 i - a scroll of enchant armour {unknown}
Potions
 d - a potion of might
 g - a potion of lignification {unknown}


   Skills:
 - Level 3.2 Fighting
 * Level 5.8 Long Blades
 - Level 3.2 Armour
 - Level 3.6 Shields


You had 5 spell levels left.
You didn't know any spells.
Your spell library was empty.

Dungeon Overview and Level Annotations

Branches:
Dungeon (2/15)

Altars:

Shops:
D:1 *=?(?

Annotations:
D:2 Crazy Yiuf


Innate Abilities, Weirdness & Mutations

You cannot be hasted, slowed, berserked, paralysed or teleported.
You can dig through walls and to a lower floor.
You have a pair of large antennae on your head. (SInv)
Your four strong arms can wield two-handed weapons with a shield.


Message History

You completely miss Crazy Yiuf.
Crazy Yiuf sings, "Trees, trees, trees, circus!"
You block Crazy Yiuf's attack.
You hit Crazy Yiuf.
Crazy Yiuf is moderately wounded.
Crazy Yiuf hits you with a +4 quarterstaff of chaos!
You closely miss Crazy Yiuf.
Crazy Yiuf is moderately wounded.
Crazy Yiuf grits, "Leather!
Adder water noodlescoop."
You block Crazy Yiuf's attack. x2
You hit Crazy Yiuf but do no damage.
Crazy Yiuf is moderately wounded.
Crazy Yiuf barely misses you.
You riposte.
You slash Crazy Yiuf!
Crazy Yiuf is severely wounded.
You hit Crazy Yiuf.
Crazy Yiuf is almost dead.
Crazy Yiuf drinks a potion.
Crazy Yiuf is healed!
You closely miss Crazy Yiuf. Crazy Yiuf barely misses you.
You riposte.
You closely miss Crazy Yiuf. You block Crazy Yiuf's attack.
You hit Crazy Yiuf but do no damage. Crazy Yiuf hits you but does no damage.
You slash Crazy Yiuf!
Crazy Yiuf is heavily wounded.
You block Crazy Yiuf's attack.
You hit Crazy Yiuf.
Crazy Yiuf is heavily wounded.
Crazy Yiuf hits you with a +4 quarterstaff of chaos!
You feel drained.
Crazy Yiuf hits you with a +4 quarterstaff of chaos.
Crazy Yiuf freezes you.
You hit Crazy Yiuf.
Crazy Yiuf is severely wounded.
Crazy Yiuf hits you with a +4 quarterstaff of chaos!
* * * LOW HITPOINT WARNING * * *
Crazy Yiuf burns you.
* * * LOW HITPOINT WARNING * * *
You hit Crazy Yiuf.
Crazy Yiuf is almost dead.
Crazy Yiuf says, "Race tea infinity!"
Crazy Yiuf hits you with a +4 quarterstaff of chaos!
You die...

#.##..... #.##.....
#.##..... #)##.....
#.##.....
♣♣♣♣♣##.######. ###
♣♣♣.♣.....#...##.
#...#♣..♣........#.##.
#...g@♣♣♣♣.......#.##.
#)..#♣♣ ♣♣.....##.###
### ♣♣###.......
###.#### ###.###
#######.....#
#.#.#.#.#.#.#
#.....#...#.#
###.###...#.##


You could see Crazy Yiuf.

Vanquished Creatures
  Sigmund (D:2)
  An adder (D:2)
  A dart slug (D:1)
  5 endoplasms
  A giant cockroach (D:1)
  3 goblins (D:1)
  4 hobgoblins
  A quokka (D:1)
  3 ball pythons (D:1)
  2 bats (D:1)
  A kobold (D:1)
  3 rats (D:1)
26 creatures vanquished.

Notes
Turn   | Place    | Note
-------+----------+-------------------------------------------
     0 | D:1      | a11behringer the Formicid Fighter began the quest for the
                  | Orb.
     0 | D:1      | Reached XP level 1. HP: 18/18 MP: 1/1
    66 | D:1      | Reached XP level 2. HP: 21/24 MP: 2/2
   100 | D:1      | Found Doaf's Magic Scroll Emporium.
   295 | D:1      | Reached skill level 3 in Long Blades
   400 | D:1      | Found Ajetz's Weapon Emporium.
   549 | D:1      | Found Ziny's Magic Scroll Shoppe.
   559 | D:1      | Reached XP level 3. HP: 20/29 MP: 3/3
   668 | D:1      | Found Febio's Jewellery Shop.
  1001 | D:1      | Found Xefiu's General Store.
  1243 | D:2      | Noticed Sigmund
  1264 | D:2      | Killed Sigmund
  1265 | D:2      | Reached skill level 5 in Long Blades
  1265 | D:2      | Reached XP level 4. HP: 17/35 MP: 4/4
  1265 | D:2      | Reached XP level 5. HP: 20/41 MP: 5/5
  1511 | D:2      | Reached XP level 6. HP: 46/47 MP: 6/6
  1570 | D:2      | Found a runed translucent door.
  1571 | D:2      | Noticed Crazy Yiuf
  1585 | D:2      | Mangled by Crazy Yiuf

Illustrated notes

Levels and vault maps discovered:
D:1:      co_arrival_random_square_maze, layout_loops_ring, serial_shops,
          nicolae_diamond_shop, shop, shop, shop, shop_coins
D:2:      wander_river, layout_basic, uniq_crazy_yiuf_cottage, uniq_sigmund

Skill      XL: |  1  2  3 |
---------------+----------+-----
Long Blades    | 3 5 |  5.8
Fighting       | |  3.2
Armour         | |  3.2
Shields        | |  3.6

Action                   |  1- 3 |  4- 6 || total
-------------------------+-------+-------++-------
Melee: Long sword        |    74 |    17 ||    91
Armor: Scale mail        |    27 |     3 ||    30
Dodge: Dodged            |    18 |     4 ||    22
Block: Kite shield       |    50 |     7 ||    57
       Rpst.: Long sword |     3 |     3 ||     6
